 Dungeon Crawl Stone Soup version 0.30.1-3-gfc49f6343a (webtiles) character file.

Game seed: 18445851620932055539

290 CrazyMind the Covered (level 6, 0/54 HPs)
             Began as an Armataur Fighter on July 20, 2023.
             Slain by a lemure (1 damage)
             ... led by Pikel
             ... on level 4 of the Dungeon.
             The game lasted 00:10:36 (3279 turns).

CrazyMind the Covered (Armataur Fighter)            Turns: 3279, Time: 00:10:37

Health: 0/54       AC: 11    Str: 23    XL:     6   Next: 9%
Magic:  6/6        EV:  7    Int:  9    God:
Gold:   184        SH:  4    Dex:  9    Spells: 5/5 levels left

rFire   . . .        a - +0 war axe
rCold   . . .        c - +0 buckler
rNeg    . . .        b - +0 scale mail
rPois   .            g - +0 helmet
rElec   .            d - +0 cloak
rCorr   .            j - +0 pair of gloves
SInv    .            (no barding)
Will    .....        (no amulet) Stlth
                     (no ring)
HPRegen 0.29/turn    (no ring)
MPRegen 0.10/turn

%: roll
@: attractive, flying
A: large, rugged brown scales 3, deformed body, armoured tail, roll, long
tongue, awkward tongue
a: no special abilities


You were on level 4 of the Dungeon.
You visited 1 branch of the dungeon, and saw 4 of its levels.

You collected 184 gold pieces.

Inventory:

Hand Weapons
 a - a +0 war axe (weapon)
Armour
 b - a +0 scale mail (worn)
 c - a +0 buckler (worn)
 d - a +0 cloak (worn)
 g - a +0 helmet (worn)
 j - a +0 pair of gloves (worn)
Jewellery
 i - a ring of fire
 r - a ring of protection from cold
Scrolls
 e - a scroll of fear {unknown}
 h - a scroll of noise {unknown}
 k - 2 scrolls of immolation
 l - a scroll of vulnerability {unknown}
 n - a scroll of magic mapping {unknown}
 q - a scroll of teleportation {unknown}
Potions
 o - 2 potions of attraction
 s - a potion of lignification {unknown}
 t - a potion of haste {unknown}


   Skills:
 + Level 3.4 Fighting
 + Level 3.7 Axes
 + Level 5.0 Armour
 + Level 0.8 Dodging
 + Level 4.0 Shields


You had 5 spell levels left.
You didn't know any spells.
Your spell library contained the following spells:

 Spells                   Type           Power      Damage    Failure   Level
 Slow                     Hex            0%         N/A       75%         1
 Confusing Touch          Hex            0%         N/A       98%         3
 Vampiric Draining        Necr           0%         2d6       98%         3
 Malign Gateway           Summ/Tloc      0%         N/A       100%        7
 Summon Horrible Things   Summ           0%         N/A       100%        8


Dungeon Overview and Level Annotations

Branches:
Dungeon (4/15) Zot: 20648
 Temple: D:4-7

Altars:
Cheibriados
Kikubaaqudgha
Trog

Annotations:
D:2 Sigmund
D:4 1 runed translucent door, Pikel; m3rle's ghost, amateur HuCj


Innate Abilities, Weirdness & Mutations

You are completely covered in rugged brown scales. (AC +3, +7% HP)
Armour fits poorly on your strangely shaped body.
You have a long armoured tail.
You roll when moving toward enemies. (Rampage)
Your long tongue fully drains potion bottles. (2x potion effects)
Your tongue gives you trouble enunciating. (1.5x scroll delay)


Message History

You hit Pikel.
Pikel is heavily wounded.
You hit the lemure. You closely miss the lemure. You barely miss the lemure.
You block the lemure's attack. The lemure hits you.
The lemure completely misses you.
Pikel hits you with a +0 whip of flaming.
Pikel burns you. Pikel barely misses you. You block the lemure's attack.
The lemure hits you.
* * * LOW HITPOINT WARNING * * *
The lemure hits you but does no damage.
You hit Pikel.
Pikel is severely wounded.
You closely miss the lemure. You hit the lemure. You barely miss the lemure.
The lemure hits you!
* * * LOW HITPOINT WARNING * * *
The lemure closely misses you. The lemure hits you but does no damage.
Pikel hits you with a +0 whip of flaming.
* * * LOW HITPOINT WARNING * * *
Pikel burns you.
* * * LOW HITPOINT WARNING * * *
Unknown command.
Unknown command.
Unknown command.
Unknown command.
Unknown command.
You hit Pikel.
Pikel is severely wounded.
You closely miss the lemure. You barely miss the lemure. You hit the lemure.
The lemure hits you but does no damage. The lemure barely misses you. x2
Pikel hits you with a +0 whip of flaming.
* * * LOW HITPOINT WARNING * * *
Pikel burns you.
* * * LOW HITPOINT WARNING * * *
You slash Pikel!
Pikel is almost dead.
You hit the lemure but do no damage. You hit the lemure. x2
The lemure hits you.
* * * LOW HITPOINT WARNING * * *
The lemure hits you.
You die...

#.......'.P._.#
...####..'.P...#
#...#..†.#.PPP.#
# #......#.....#
###.#..#######
#..#......#
##.###..#.##
#......## #
#....5@5#
#.##.#K5# #
....5...
#..........
#..........##
####....####
.....# ..##..#


You could see Pikel and 4 lemures.

Vanquished Creatures
  A bullfrog (D:4)
  A scorpion (D:4)
  Crazy Yiuf (D:3)
  A mummy (D:3)
  4 adders
  A worm (D:2)
  3 dart slugs
  3 orcs
  9 endoplasms
  2 giant cockroaches
  11 goblins
  8 hobgoblins
  6 kobolds
  3 quokkas
  7 ball pythons
  6 bats
  4 frilled lizards
  4 rats
75 creatures vanquished.

Notes
Turn   | Place    | Note
-------+----------+-------------------------------------------
     0 | D:1      | CrazyMind the Armataur Fighter began the quest for the Orb.
     0 | D:1      | Reached XP level 1. HP: 19/19 MP: 1/1
   223 | D:1      | Reached XP level 2. HP: 26/26 MP: 2/2
   353 | D:1      | Reached skill level 4 in Armour
   897 | D:1      | Found a faded altar of an unknown god.
  1088 | D:2      | Reached XP level 3. HP: 33/33 MP: 3/3
  1313 | D:2      | Noticed Sigmund
  1659 | D:3      | Found a snail-covered altar of Cheibriados.
  1801 | D:3      | Found a runed translucent door.
  1802 | D:3      | Noticed Crazy Yiuf
  1909 | D:3      | Reached XP level 4. HP: 37/40 MP: 4/4
  2800 | D:3      | Killed Crazy Yiuf
  3074 | D:3      | Reached XP level 5. HP: 46/48 MP: 5/5
  3192 | D:4      | Reached skill level 5 in Armour
  3192 | D:4      | Reached XP level 6. HP: 47/54 MP: 6/6
  3198 | D:4      | Found a bloodstained altar of Trog.
  3219 | D:4      | Found a runed translucent door.
  3222 | D:4      | Noticed m3rle's ghost (amateur HuCj)
  3250 | D:4      | Found an ancient bone altar of Kikubaaqudgha.
  3259 | D:4      | Noticed Pikel
  3278 | D:4      | HP: 2/54 [Pikel/+0 whip of flaming (1)]
  3279 | D:4      | Slain by a lemure

Illustrated notes

Levels and vault maps discovered:
D:1:      dpeg_arrival_boxorama, layout_loops_corners,
          ebering_ecumenical_altar_mist, minmay_statues_item,
          roderic_serpentine_path, minmay_tall_x
D:2:      layout_basic, serial_aquarium, aquarium_bridge_square
          [aquarium_subvault_balcony, aquarium_subvault_bridge,
          aquarium_subvault_bridge, aquarium_subvault_wall], aquarium_window_1,
          aquarium_window_fake, aquarium_window_fake, aquarium_view_2c,
          basic_altar, uniq_sigmund
D:3:      layout_basic, chei_slow_surprise, minmay_goblin_outpost,
          uniq_crazy_yiuf_cottage
D:4:      layout_cave_pools, mainiacjoe_overflow_brackets,
          mainiacjoe_overflow_alcove_4, ebering_ghost_sewer_f, nzn_random_ring,
          uniq_pikel

Skill      XL: |  1  2  3  4  5 |
---------------+----------------+-----
Armour         | 4 5 |  5.0
Fighting       | 3 |  3.4
Axes           | 2 3 |  3.7
Shields        | 4 |  4.0
Dodging        | |  0.8

Action                     |  1- 3 |  4- 6 || total
---------------------------+-------+-------++-------
  Melee: War axe           |   106 |   100 ||   206
         Tailslap          |    14 |     9 ||    23
    Use: Potion            |       |     5 ||     5
         Scroll            |       |     2 ||     2
 Armour: Scale mail        |    47 |    56 ||   103
  Dodge: Dodged            |    33 |    48 ||    81
  Block: Buckler           |    26 |    28 ||    54
